 Dungeon Crawl Stone Soup version 0.18-a0-1788-g92de1ac (webtiles) character file.

327 namelastname112 the Insei (level 6, -1/47 HPs)
             Began as a Draconian Transmuter on Apr 19, 2016.
             Killed by divine providence
             ... invoked by an orc priest
              (12 damage)
             ... on level 4 of the Dungeon.
             The game lasted 00:06:03 (4116 turns).

namelastname112 the Insei (Draconian Transmuter)    Turns: 4116, Time: 00:06:03

Health: -1/47      AC:  2    Str: 12    XL:     6   Next: 24%
Magic:  6/9        EV: 19    Int: 14    God:
Gold:   206        SH:  0    Dex: 18    Spells: 3 memorised, 3 levels left

rFire  + . .     SeeInvis .       - Unarmed
rCold  . . .     Gourm    .     (armour unavailable)
rNeg   . . .     Faith    +     (shield currently unavailable)
rPois  x         Spirit   .     (helmet currently unavailable)
rElec  .         Dismiss  .     (cloak currently unavailable)
rCorr  .         Reflect  .     (gloves currently unavailable)
SustAt .         Harm     .     (boots currently unavailable)
MR     .....     Rnd*Tele +     A - amulet of faith
Stlth  ++........               w - ring of protection from fire
                                e - ring of teleportation (curse)

@: spider-form (expiring), not resistant to hostile enchantments, unstealthy
A: unfitting armour, (cold-blooded), AC +6
a: End Transformation


You were on level 4 of the Dungeon.
You were not hungry.
You were a venomous arachnid creature.
You visited 1 branch of the dungeon, and saw 5 of its levels.

You collected 206 gold pieces.

Inventory:

Missiles
 a - 93 arrows
Jewellery
 e - a cursed ring of teleportation (left front leg)
 p - an uncursed ring of sustain attributes
 w - a ring of protection from fire (right front leg)
 A - an amulet of faith (around neck)
Wands
 m - a wand of iceblast (11/15)
Scrolls
 d - 7 scrolls of identify {unknown}
 h - 2 scrolls of magic mapping {unknown}
 i - a scroll of noise {unknown}
 k - 3 scrolls of fog {unknown}
 l - a scroll of enchant weapon {unknown}
 o - 2 scrolls of remove curse {unknown}
 s - a scroll of teleportation {unknown}
 t - a scroll of fear {unknown}
 x - 3 scrolls of amnesia {unknown}
 y - a scroll of recharging {unknown}
Potions
 c - a potion of beneficial mutation {unknown}
 f - a potion of berserk rage {unknown}
 g - a potion of brilliance {unknown}
 j - 2 potions of heal wounds
 q - a potion of degeneration {unknown}
 u - a potion of lignification {unknown}
Books
 b - a book of Changes

   Spells                             Type                      Level
   a - Beastly Appendage              Transmutation                1
   b - Sticks to Snakes               Transmutation                2
   c - Spider Form                    Transmutation/Poison         3
   d - Ice Form                       Ice/Transmutation            4
   e - Blade Hands                    Transmutation                5
 r - a book of Annihilations

   Spells                             Type                      Level
   a - Poison Arrow                   Conjuration/Poison           6
   b - Chain Lightning                Conjuration/Air              8
   c - Lehudib's Crystal Spear        Conjuration/Earth            8
   d - Glaciate                       Conjuration/Ice              9
   e - Fire Storm                     Conjuration/Fire             9
 v - a book of Party Tricks

   Spells                             Type                      Level
   a - Summon Butterflies             Summoning                    1
   b - Apportation                    Translocation                1
   c - Tukima's Dance                 Hexes                        3
   d - Alistair's Intoxication        Transmutation/Poison         5
   e - Invisibility                   Hexes                        6
Comestibles
 n - 2 bread rations
 z - a beef jerky
 B - 6 chunks of flesh


   Skills:
 - Level 1.1 Fighting
 - Level 1.7 Dodging
 * Level 6.9 Unarmed Combat
 - Level 2.0 Spellcasting
 + Level 2.5 Transmutations


You had 3 spell levels left.
You knew the following spells:

 Your Spells              Type           Power        Failure   Level  Hunger
a - Beastly Appendage     Trmt           #.....       24%         1    ##.....
c - Sticks to Snakes      Trmt           #.......     32%         2    ###....
x - Spider Form           Trmt/Pois      #.........   69%         3    ####...


Dungeon Overview and Level Annotations

Branches:
Dungeon (5/15)
 Temple: D:4-7

Altars:
Ashenzari
Cheibriados
Dithmenos
Makhleb
Nemelex Xobeh
Qazlal
The Shining One


Innate Abilities, Weirdness & Mutations

((Your plain brown scales are hard (AC +6).))
Your body does not fit into most forms of armour.
((You are cold-blooded and may be slowed by cold attacks.))


Message History

The orc priest shouts!
You hear a shout!
The orc shouts!
An orc comes into view. It is wielding a dagger of venom.
The orc shouts!
The orc priest calls down the wrath of Beogh upon you.
Pain shoots through your body!
You take 6 damage, and have 26/47 hp.
You hit the orc priest.
The orc priest is poisoned.
The orc priest is moderately wounded.
The orc priest mumbles some strange prayers to Beogh against you.
Beogh smites you!
* * * LOW HITPOINT WARNING * * *
You take 15 damage, and have 11/47 hp.
MASSIVE DAMAGE!!
You are too injured to fight recklessly!
You are too injured to fight recklessly!
You hit the orc priest but do no damage.
The orc priest looks even sicker.
The orc priest is moderately wounded.
The orc priest invokes the aid of Beogh against you.
Beogh smites you!
You die...

### ## #.. .# ########
#.#####.# #####......#
#.#...#.# #).........#
#.#.....##
#..........###.#.#....####
#..........#.o............
#..........#o#......#.###
#####......os######.#.#
#..#####.######.#.#######
#......)>o.o.............
#.########.####.#.#######
##'########.# #.#........
#...#.....# # #.#########
#^..#.♣.♣.# #.#
#...'.._..+ #.#
#...#.♣.♣.# #.#


You could see an orc priest and 3 orcs.

Vanquished Creatures
  An ogre (D:4)
  A howler monkey (D:4)
  A giant frog skeleton (D:4)
  A centaur skeleton (D:4)
  A hound skeleton (D:4)
  5 adders
  2 oozes
  A worm (D:3)
  4 dart slugs
  2 giant geckos (D:1)
  An orc (D:3)
  5 bats
  4 giant cockroaches
  7 goblins
  5 hobgoblins
  8 jackals
  8 kobolds
  4 giant newts
  8 rats
69 creatures vanquished.

Vanquished Creatures (collateral kills)
  A worm (D:2)
  A jackal skeleton (D:5)
2 creatures vanquished.

Grand Total: 71 creatures vanquished

Notes
Turn   | Place    | Note
--------------------------------------------------------------
     0 | D:1      | namelastname112 the Draconian Transmuter began the quest for the Orb.
     0 | D:1      | Reached XP level 1. HP: 16/16 MP: 3/3
     0 | D:1      | xeno23: чет ты от хуйни дохнешь
     0 | D:1      | namelastname112: да пиздец
     0 | D:1      | namelastname112: это все потому что трансмутер
     0 | D:1      | namelastname112: а не монк
     0 | D:1      | namelastname112: отвечаю
   531 | D:1      | Reached XP level 2. HP: 17/23 MP: 5/5
   532 | D:1      | xeno23: бле
   806 | D:1      | Learned a level 2 spell: Sticks to Snakes
   806 | D:1      | xeno23: пещера и минотавр на л8
   806 | D:1      | xeno23: нахуй 2 разных портала на одном этаже спавнится
   806 | D:1      | namelastname112: ну
   806 | D:1      | namelastname112: чтобы ты охуел
   806 | D:1      | namelastname112: я бы к минотавру почесал
   806 | D:1      | crauler: streak кончился, можно временно отдохнуть и тупо потабать?
   806 | D:1      | namelastname112: да
   806 | D:1      | namelastname112: можно
   878 | D:1      | Reached skill level 4 in Unarmed Combat
   903 | D:1      | Reached XP level 3. HP: 25/28 MP: 6/6
   914 | D:1      | Learned a level 3 spell: Spider Form
  1782 | D:2      | namelastname112: питон червя уебал
  1782 | D:2      | namelastname112: охуеть
  1978 | D:2      | Found a shattered altar of Ashenzari.
  1980 | D:2      | Found a glowing golden altar of the Shining One.
  2415 | D:3      | Found a shadowy altar of Dithmenos.
  2437 | D:3      | Found a burning altar of Makhleb.
  2525 | D:3      | Reached XP level 4. HP: 30/35 MP: 7/7
  2603 | D:3      | Reached skill level 5 in Unarmed Combat
  2886 | D:3      | Found a snail-covered altar of Cheibriados.
  3329 | D:4      | Reached XP level 5. HP: 26/40 MP: 8/8
  3340 | D:4      | Found a sparkling altar of Nemelex Xobeh.
  3357 | D:4      | Reached skill level 6 in Unarmed Combat
  3822 | D:4      | Found a stormy altar of Qazlal.
  3836 | D:4      | HP: 2/40 [scorpion (8)]
  3837 | D:5      | Entered Level 5 of the Dungeon
  3869 | D:5      | HP: 2/40 [poisoned by a scorpion]
  3986 | D:5      | Noticed an ogre
  4061 | D:4      | Noticed an ogre
  4074 | D:4      | Killed an ogre
  4074 | D:4      | Reached XP level 6. HP: 26/47 MP: 5/9
  4116 | D:4      | Killed from afar by an orc priest

Vault maps used:
D:1:      dpeg_arrival_brainrot
D:2:      nicolae_overflow_hidden_temple, grunt_decor_fettered
D:3:      lemuel_crystal_altar, kennysheep_slug_shrine, lemuel_crystal_altar,
          first_bread
D:4:      kennysheep_little_box, kennysheep_mini,
          nemelex_xobeh_ov_fountains_minmay
D:5:      vehumet_altar_wand_db

Skill      XL: |  1  2  3  4  5 |
---------------+----------------+-----
Unarmed Combat | 4 5 6 |  6.9
Fighting       | |  1.1
Dodging        | |  1.7
Spellcasting   | |  2.0
Transmutations | |  2.5

Action                   |  1- 3 |  4- 6 || total
-------------------------+-------+-------++-------
Melee: Unarmed           |   206 |   126 ||   332
       Tailslap          |    25 |    10 ||    35
       Headbutt          |     2 |       ||     2
       Punch             |     2 |     1 ||     3
 Cast: Beastly Appendage |     1 |       ||     1
       Sticks to Snakes  |     1 |     7 ||     8
       Spider Form       |       |     3 ||     3
  Use: Potion            |       |     1 ||     1
 Stab: Sleeping          |       |     1 ||     1
  Eat: Bread ration      |     1 |       ||     1
       Chunk             |       |     3 ||     3
       Meat ration       |       |     1 ||     1
Armor: Skin              |    39 |    34 ||    73
Dodge: Dodged            |   125 |    96 ||   221
